San Jose Sharks vs Detroit Red Wings
Created - Wednesday, November 20, 2024 at 08:57
Goals
|
| San Jose Sharks |
2 |
3 |
1 |
6 |
| Detroit Red Wings |
0 |
2 |
2 |
4 |
|
Shots
|
| San Jose Sharks |
6 |
19 |
9 |
34 |
| Detroit Red Wings |
5 |
16 |
10 |
31 |
|
1st period
1. San Jose Sharks , Rickard Rakell 33 (Anthony Mantha 33) at 17:08
2. San Jose Sharks , Anthony Mantha 19 (Rickard Rakell 41) at 17:53
Penalties :
Matthew Boldy (DET) for Interference (Minor) at 0:33, Zach Bogosian (DET) for Tripping (Minor) at 6:14, MacKenzie Weegar (DET) for Holding (Minor) at 11:56, Haydn Fleury (SJS) for Slashing (Minor) at 14:18, Keegan Kolesar (DET) for Fighting (Major) at 16:40, Tobias Bjornfot (SJS) for Fighting (Major) at 16:40, Raphael Lavoie (DET) for High sticking (Minor) at 19:51
2nd period
3. San Jose Sharks , Ivan Barbashev 24 (Luke Kunin 18) at 0:13 (PP)
4. San Jose Sharks , Adam Henrique 29 (Rickard Rakell 42, Tobias Bjornfot 5) at 4:17 (PP)
5. San Jose Sharks , Ivan Barbashev 25 (Pierre-Luc Dubois 18) at 4:39
6. Detroit Red Wings , MacKenzie Weegar 3 (Raphael Lavoie 4, Steven Stamkos 44) at 13:56
7. Detroit Red Wings , Keegan Kolesar 5 (Kevin Stenlund 3, Steven Stamkos 45) at 16:02
Penalties :
Matthew Boldy (DET) for Tripping (Minor) at 0:36, Zach Bogosian (DET) for Tripping (Minor) at 3:19, Steven Stamkos (DET) for Roughing (Minor) at 11:27
3rd period
8. Detroit Red Wings , Steven Stamkos 32 (Jared McCann 31) at 1:31
9. Detroit Red Wings , Carter Verhaeghe 26 (Matthew Boldy 45, Mika Zibanejad 50) at 1:49
10. San Jose Sharks , Rickard Rakell 34 (Dmitry Orlov 14, Anthony Mantha 34) at 19:13
Penalties :
Haydn Fleury (SJS) for Hooking (Minor) at 3:26, Anthony Mantha (SJS) for Tripping (Minor) at 6:45, Dmitry Orlov (SJS) for Delaying the game (Minor) at 14:55, Brendan Gallagher (DET) for Delaying the game (Minor) at 19:51
Goalie Stats
Logan Thompson (SJS), 27 saves from 31 shots - (0.871), W, 29-23-6, 60:00 minutes
Calvin Pickard (DET), 28 saves from 34 shots - (0.824), L, 20-10-5, 60:00 minutes
Players Stats for San Jose Sharks
Player Name G A P +/- PIM S H SB GA TA FO MP PP MP PK MP
------------------------------------------------------------------------------------
Adam Henrique 1 0 1 2 0 3 2 0 1 0 12/23 20:56 5:37 3:36
Anthony Mantha 1 2 3 2 2 5 1 0 0 0 0/0 20:01 5:40 2:46
Barrett Hayton 0 0 0 -1 0 1 0 0 1 0 1/4 7:56 0:00 0:00
Christian Dvorak 0 0 0 -2 0 2 2 0 0 0 4/6 9:40 0:32 0:00
Christopher Tanev 0 0 0 1 0 5 0 1 1 1 0/0 24:42 6:22 4:26
Connor Murphy 0 0 0 -1 0 0 0 3 1 0 0/0 19:12 0:00 4:01
Dmitry Orlov 0 1 1 1 2 0 1 1 0 0 0/0 17:25 0:29 3:00
Frederick Gaudreau 0 0 0 -1 0 0 1 0 0 0 0/0 7:56 0:00 0:00
Haydn Fleury 0 0 0 0 4 0 0 0 0 2 0/0 19:25 5:55 0:07
Ilya Mikheyev 0 0 0 -1 0 1 1 0 1 0 0/0 8:07 0:00 0:00
Ivan Barbashev 2 0 2 1 0 4 3 0 0 1 0/1 20:59 5:41 3:49
Jonathan Drouin 0 0 0 -2 0 1 2 0 0 0 0/0 9:02 0:00 0:00
Joseph Veleno 0 0 0 1 0 0 0 0 0 0 0/0 16:42 5:36 0:00
Luke Kunin 0 1 1 -2 0 1 0 2 0 0 2/8 16:27 5:13 1:19
Pierre-Luc Dubois 0 1 1 1 0 1 2 0 0 3 9/17 12:04 0:08 0:31
Rickard Rakell 2 2 4 2 0 7 1 0 0 0 1/1 21:13 5:42 3:51
Sean Durzi 0 0 0 -1 0 2 1 0 0 0 0/0 23:06 4:59 3:48
Tobias Bjornfot 0 1 1 0 5 1 1 0 0 2 0/0 17:06 5:01 0:30
Players Stats for Detroit Red Wings
Player Name G A P +/- PIM S H SB GA TA FO MP PP MP PK MP
------------------------------------------------------------------------------------
Brendan Gallagher 0 0 0 1 2 0 2 0 0 0 0/1 6:31 0:00 0:00
Carter Verhaeghe 1 0 1 0 0 1 4 0 1 0 0/0 17:18 3:55 0:00
Christian Fischer 0 0 0 0 0 0 0 0 0 0 2/3 7:52 0:00 0:00
Daniel Sprong 0 0 0 1 0 4 0 0 2 0 0/0 13:50 4:00 0:23
Jackson LaCombe 0 0 0 1 0 0 2 0 0 1 0/0 22:06 0:00 5:20
Jared McCann 0 1 1 -2 0 2 1 1 0 0 1/1 21:54 4:01 5:38
Keegan Kolesar 1 0 1 1 5 2 0 0 1 0 0/0 10:11 0:00 4:55
Kevin Shattenkirk 0 0 0 2 0 0 1 0 0 1 0/0 16:08 3:56 2:43
Kevin Stenlund 0 1 1 1 0 2 1 1 0 0 7/9 11:32 0:00 5:22
MacKenzie Weegar 1 0 1 0 2 5 1 3 0 0 0/0 27:04 4:00 4:18
Matthew Boldy 0 1 1 0 4 0 1 1 2 1 0/0 17:18 3:55 0:00
Mika Zibanejad 0 1 1 0 0 2 1 0 0 0 15/26 22:49 3:55 5:32
Patrick Kane 0 0 0 -2 0 3 0 0 3 0 0/1 16:30 4:01 0:00
Philippe Myers 0 0 0 0 0 0 2 1 0 0 0/0 5:15 0:00 0:12
Raphael Lavoie 0 1 1 1 2 1 2 0 0 1 1/1 9:51 0:00 0:08
Steven Stamkos 1 2 3 -1 2 3 1 0 0 0 5/18 18:11 4:01 0:54
Zach Bogosian 0 0 0 -1 4 3 0 1 0 1 0/0 17:20 0:00 4:10
Zachary Werenski 0 0 0 -2 0 3 3 0 0 0 0/0 26:54 3:56 6:03
3 Stars
1 - Rickard Rakell (SJS)
2 - Ivan Barbashev (SJS)
3 - Anthony Mantha (SJS)
Power Play
San Jose Sharks - 2 on 8 Attempt(s) - 25.00%
Detroit Red Wings - 0 on 4 Attempt(s) - 0.00%
Penalty Kill
San Jose Sharks - 4 on 4 Attempt(s) - 100.00%
- Score 0 goal in Penalty Kill
Detroit Red Wings - 6 on 8 Attempt(s) - 75.00%
- Score 0 goal in Penalty Kill
Team Stat
San Jose Sharks - Hits : 18 - Faceoff Wins : 29 - Blocked Shots : 7 - Penalty Minutes : 13
Detroit Red Wings - Hits : 22 - Faceoff Wins : 31 - Blocked Shots : 8 - Penalty Minutes : 21
Official
Referees : Steve Kozari and Chris Rooney
Linesman : Travis Toomey and CJ Murray
Game Notes
Keegan Kolesar and Tobias Bjornfot fight to a draw at 16:40 of 1st period
Philippe Myers is injured at 10:18 of 2nd period (Lower Body)
Finance
Level 1 -- Attendance: 4893 (81.55%) -- Ticket Income $489,300
Level 2 -- Attendance: 3825 (76.50%) -- Ticket Income $229,500
Level 3 -- Attendance: 2353 (78.43%) -- Ticket Income $82,355
Level 4 -- Attendance: 3504 (70.08%) -- Ticket Income $87,600
Luxury Box -- Attendance: 856 (85.60%) -- Ticket Income $171,200
Game was played at the Joe Louis Arena.
Total Attendance: 15431 (77.16%)
Total Ticket Income: $1,059,955
Other Income: $370,984
Total Income: $1,430,939
San Jose Sharks
5 vs 5 Forward
Center Left Wing Right Wing Time % Phy DF OF
1 Adam Henrique Rickard Rakell Anthony Mantha 30 1 2 2
2 Pierre-Luc Dubois Joseph Veleno Ivan Barbashev 30 1 2 2
3 Christian Dvorak Jonathan Drouin Luke Kunin 25 1 2 2
4 Barrett Hayton Ilya Mikheyev Frederick Gaudreau 15 1 2 2
5 vs 5 Defense
Defense Defense Time % Phy DF OF
1 Christopher Tanev Dmitry Orlov 35 1 2 2
2 Sean Durzi Connor Murphy 35 1 2 2
3 Haydn Fleury Tobias Bjornfot 30 1 2 2
4 Sean Durzi Christopher Tanev 0 1 2 2
PowerPlay Forward
Center Left Wing Right Wing Time % Phy DF OF
1 Adam Henrique Rickard Rakell Anthony Mantha 50 1 2 2
2 Luke Kunin Joseph Veleno Ivan Barbashev 50 1 2 2
PowerPlay Defense
Defense Defense Time % Phy DF OF
1 Christopher Tanev Sean Durzi 50 1 2 2
2 Haydn Fleury Tobias Bjornfot 50 1 2 2
Penalty Kill 4 Players Forward
Center Wing Time % Phy DF OF
1 Adam Henrique Ivan Barbashev 50 1 2 2
2 Rickard Rakell Anthony Mantha 50 1 2 2
Penalty Kill 4 Players Defense
Defense Defense Time % Phy DF OF
1 Dmitry Orlov Connor Murphy 50 1 2 2
2 Christopher Tanev Sean Durzi 50 1 2 2
Penalty Kill - 3 Players Forward
Forward Time % Phy DF OF
1 Adam Henrique 50 1 2 2
2 Rickard Rakell 50 1 2 2
Penalty Kill - 3 Players Defense
Defense Defense Time % Phy DF OF
1 Christopher Tanev Dmitry Orlov 50 1 2 2
2 Sean Durzi Connor Murphy 50 1 2 2
4 vs 4 Forward
Center Wing Time % Phy DF OF
1 Adam Henrique Christian Dvorak 50 1 2 2
2 Rickard Rakell Anthony Mantha 50 1 2 2
4 vs 4 Defense
Defense Defense Time % Phy DF OF
1 Connor Murphy Dmitry Orlov 50 1 2 2
2 Sean Durzi Christopher Tanev 50 1 2 2
Last Minutes Offensive
Center Left Wing Right Wing Defense Defense
Adam Henrique Rickard Rakell Anthony Mantha Christopher Tanev Dmitry Orlov
Last Minutes Defensive
Center Left Wing Right Wing Defense Defense
Adam Henrique Rickard Rakell Anthony Mantha Christopher Tanev Dmitry Orlov
Goaltenders
Starting : Logan Thompson
Backup : Tristan Jarry
Extra Forwards
Normal : Adam Henrique, Christian Dvorak, Luke Kunin - PP : Adam Henrique, Christian Dvorak - PK : Luke Kunin
Extra Defensemen
Normal : Connor Murphy, Christopher Tanev, Sean Durzi - PP : Christopher Tanev - PK : Christopher Tanev, Sean Durzi
Penalty Shots
Adam Henrique, Christian Dvorak, Rickard Rakell, Anthony Mantha, Ivan Barbashev
Scratches
Brett Howden (Healthy), Victor Olofsson (Healthy), Erik Cernak (Right Leg Injury), Mike Hoffman (Healthy), Sam Lafferty (Healthy)
Clay Stevenson (Healthy)
Detroit Red Wings
5 vs 5 Forward
Center Left Wing Right Wing Time % Phy DF OF
1 Steven Stamkos Jared McCann Patrick Kane 35 1 2 2
2 Mika Zibanejad Carter Verhaeghe Matthew Boldy 35 1 2 2
3 Raphael Lavoie Daniel Sprong Christian Fischer 20 1 2 2
4 Kevin Stenlund Brendan Gallagher Keegan Kolesar 10 2 2 1
5 vs 5 Defense
Defense Defense Time % Phy DF OF
1 Zachary Werenski MacKenzie Weegar 40 1 2 2
2 Zach Bogosian Jackson LaCombe 30 1 2 2
3 Philippe Myers Kevin Shattenkirk 20 3 1 1
4 Jackson LaCombe MacKenzie Weegar 10 1 2 2
PowerPlay Forward
Center Left Wing Right Wing Time % Phy DF OF
1 Steven Stamkos Jared McCann Patrick Kane 50 0 1 4
2 Mika Zibanejad Carter Verhaeghe Matthew Boldy 50 0 1 4
PowerPlay Defense
Defense Defense Time % Phy DF OF
1 Daniel Sprong MacKenzie Weegar 50 1 2 2
2 Zachary Werenski Kevin Shattenkirk 50 1 2 2
Penalty Kill 4 Players Forward
Center Wing Time % Phy DF OF
1 Mika Zibanejad Jared McCann 50 2 2 1
2 Kevin Stenlund Keegan Kolesar 50 2 2 1
Penalty Kill 4 Players Defense
Defense Defense Time % Phy DF OF
1 Jackson LaCombe MacKenzie Weegar 50 2 2 1
2 Zach Bogosian Zachary Werenski 50 2 2 1
Penalty Kill - 3 Players Forward
Forward Time % Phy DF OF
1 Mika Zibanejad 50 1 2 2
2 Steven Stamkos 50 1 2 2
Penalty Kill - 3 Players Defense
Defense Defense Time % Phy DF OF
1 Jackson LaCombe MacKenzie Weegar 50 1 2 2
2 Zach Bogosian Zachary Werenski 50 2 2 1
4 vs 4 Forward
Center Wing Time % Phy DF OF
1 Mika Zibanejad Carter Verhaeghe 60 1 2 2
2 Steven Stamkos Matthew Boldy 40 1 1 3
4 vs 4 Defense
Defense Defense Time % Phy DF OF
1 Zachary Werenski MacKenzie Weegar 60 1 2 2
2 Zach Bogosian Jackson LaCombe 40 1 2 2
Last Minutes Offensive
Center Left Wing Right Wing Defense Defense
Mika Zibanejad Carter Verhaeghe Matthew Boldy Zachary Werenski MacKenzie Weegar
Last Minutes Defensive
Center Left Wing Right Wing Defense Defense
Mika Zibanejad Carter Verhaeghe Matthew Boldy Zachary Werenski MacKenzie Weegar
Goaltenders
Starting : Calvin Pickard
Backup : Laurent Brossoit
Extra Forwards
Normal : Raphael Lavoie, Christian Fischer, Daniel Sprong - PP : Kevin Stenlund, Daniel Sprong - PK : Steven Stamkos
Extra Defensemen
Normal : Kevin Shattenkirk, Jackson LaCombe, MacKenzie Weegar - PP : Kevin Shattenkirk - PK : Kevin Shattenkirk, Jackson LaCombe
Penalty Shots
Mika Zibanejad, Steven Stamkos, Matthew Boldy, Carter Verhaeghe, Jared McCann
Scratches
Alexander Barabanov (Healthy), Shayne Gostisbehere (Healthy), Vitek Vanecek (Healthy)
% Time on Ice - San Jose Sharks
Lines # - Real PCT - Wanted PCT - Time Play
Normal Forward
1 - 29% - 30% - 11:45
2 - 29% - 30% - 11:32
3 - 22% - 25% - 9:02
4 - 20% - 15% - 7:56
Normal Defense
1 - 34% - 35% - 13:51
2 - 34% - 35% - 13:31
3 - 29% - 30% - 11:29
4 - 3% - 0% - 1:24
PP Forward
1 - 50% - 50% - 5:42
2 - 50% - 50% - 5:41
PP Defense
1 - 48% - 50% - 5:28
2 - 52% - 50% - 5:55
PK Forward
1 - 50% - 50% - 3:58
2 - 50% - 50% - 3:58
PK Defense
1 - 52% - 50% - 4:08
2 - 48% - 50% - 3:48
PK3 Forward
1 - 0% - 50%
2 - 0% - 50%
PK3 Defense
1 - 0% - 50%
2 - 0% - 50%
44 Forward
1 - 0% - 50%
2 - 0% - 50%
44 Defense
1 - 0% - 50%
2 - 0% - 50%
Last Minute Offensive - 0:00
Last Minute Defensive - 0:26
Total
Forward - 60:00
Defense - 60:00
|
% Time on Ice - Detroit Red Wings
Lines # - Real PCT - Wanted PCT - Time Play
Normal Forward
1 - 32% - 35% - 12:55
2 - 35% - 35% - 14:01
3 - 18% - 20% - 7:21
4 - 15% - 10% - 5:59
Normal Defense
1 - 40% - 40% - 16:14
2 - 30% - 30% - 12:03
3 - 28% - 20% - 11:05
4 - 2% - 10% - 0:54
PP Forward
1 - 51% - 50% - 4:01
2 - 49% - 50% - 3:55
PP Defense
1 - 50% - 50% - 4:00
2 - 50% - 50% - 3:56
PK Forward
1 - 50% - 50% - 5:40
2 - 50% - 50% - 5:43
PK Defense
1 - 50% - 50% - 5:42
2 - 50% - 50% - 5:41
PK3 Forward
1 - 0% - 50%
2 - 0% - 50%
PK3 Defense
1 - 0% - 50%
2 - 0% - 50%
44 Forward
1 - 0% - 60%
2 - 0% - 40%
44 Defense
1 - 0% - 60%
2 - 0% - 40%
Last Minute Offensive - 0:25
Last Minute Defensive - 0:00
Total
Forward - 60:00
Defense - 60:00
|
Play-by-Play
1st period
0:01 of 1st period - Adam Henrique wins face-off versus Steven Stamkos in neutral zone.
0:14 of 1st period - Slapshot by Rickard Rakell.
0:14 of 1st period - Shot Blocked by Jared McCann.
0:23 of 1st period - Icing by Adam Henrique.
0:24 of 1st period - Adam Henrique wins face-off versus Mika Zibanejad in San Jose Sharks zone.
0:24 of 1st period - Adam Henrique is hit by Jackson LaCombe.
0:33 of 1st period - Minor Penalty to Matthew Boldy for Interference.
0:34 of 1st period - Adam Henrique wins face-off versus Mika Zibanejad in Detroit Red Wings zone.
0:47 of 1st period - Snap shot by Adam Henrique.
0:47 of 1st period - Shot Misses the Net.
2:33 of 1st period - Penalty to Matthew Boldy is over, Matthew Boldy is back on ice.
3:00 of 1st period - Connor Murphy is hit by Matthew Boldy and loses puck.
3:17 of 1st period - Joseph Veleno is hit by Zachary Werenski and loses puck.
3:30 of 1st period - Slapshot by Zachary Werenski.
3:30 of 1st period - Stopped by Logan Thompson with a rebound.
4:48 of 1st period - Christian Dvorak is hit by Kevin Shattenkirk and loses puck.
5:01 of 1st period - Luke Kunin is hit by Steven Stamkos.
5:05 of 1st period - Wrist shot by Steven Stamkos.
5:05 of 1st period - Shot Misses the Net.
5:15 of 1st period - Sean Durzi is hit by Kevin Stenlund and loses puck.
5:34 of 1st period - Snap shot by Daniel Sprong.
5:34 of 1st period - Stopped by Logan Thompson with a rebound.
5:36 of 1st period - Snap shot by Christian Fischer.
5:36 of 1st period - Shot Misses the Net.
5:38 of 1st period - Snap shot by Daniel Sprong.
5:38 of 1st period - Shot Blocked by Luke Kunin.
5:52 of 1st period - Snap shot by Rickard Rakell.
5:52 of 1st period - Stopped by Calvin Pickard with a rebound.
6:02 of 1st period - Sean Durzi is hit by Carter Verhaeghe and loses puck.
6:14 of 1st period - Minor Penalty to Zach Bogosian for Tripping.
6:15 of 1st period - Kevin Stenlund wins face-off versus Adam Henrique in Detroit Red Wings zone.
7:18 of 1st period - Mika Zibanejad is hit by Pierre-Luc Dubois and loses puck.
8:14 of 1st period - Penalty to Zach Bogosian is over, Zach Bogosian is back on ice.
8:31 of 1st period - Backhand shot by Jared McCann.
8:31 of 1st period - Stopped by Logan Thompson with a rebound.
8:37 of 1st period - Slapshot by Zachary Werenski.
8:37 of 1st period - Shot Misses the Net.
9:10 of 1st period - Ilya Mikheyev is hit by Raphael Lavoie and loses puck.
10:53 of 1st period - Icing by Anthony Mantha.
10:54 of 1st period - Steven Stamkos wins face-off versus Adam Henrique in San Jose Sharks zone.
10:57 of 1st period - Wrist shot by Steven Stamkos.
10:57 of 1st period - Shot Misses the Net.
10:59 of 1st period - Slapshot by Zach Bogosian.
10:59 of 1st period - Shot Misses the Net.
11:27 of 1st period - Slapshot by Ivan Barbashev.
11:27 of 1st period - Stopped by Calvin Pickard with a rebound.
11:29 of 1st period - Slapshot by Christopher Tanev.
11:29 of 1st period - Deflect By Matthew Boldy.
11:29 of 1st period - Stopped by Calvin Pickard with a rebound.
11:31 of 1st period - Wrist shot by Joseph Veleno.
11:31 of 1st period - Shot Misses the Net.
11:43 of 1st period - Wrist shot by Daniel Sprong.
11:43 of 1st period - Stopped by Logan Thompson with a rebound.
11:45 of 1st period - Slapshot by Zach Bogosian.
11:45 of 1st period - Stopped by Logan Thompson without a rebound.
11:46 of 1st period - Pierre-Luc Dubois wins face-off versus Christian Fischer in San Jose Sharks zone.
11:56 of 1st period - Minor Penalty to MacKenzie Weegar for Holding.
11:57 of 1st period - Mika Zibanejad wins face-off versus Luke Kunin in Detroit Red Wings zone.
12:45 of 1st period - Wrist shot by Jared McCann.
12:45 of 1st period - Shot Misses the Net.
13:56 of 1st period - Penalty to MacKenzie Weegar is over, MacKenzie Weegar is back on ice.
14:18 of 1st period - Minor Penalty to Haydn Fleury for Slashing.
14:19 of 1st period - Adam Henrique wins face-off versus Mika Zibanejad in San Jose Sharks zone.
15:01 of 1st period - Rickard Rakell is hit by Jared McCann and loses puck.
15:12 of 1st period - Anthony Mantha is hit by Carter Verhaeghe and loses puck.
16:00 of 1st period - Luke Kunin is hit by Zachary Werenski and loses puck.
16:18 of 1st period - Penalty to Haydn Fleury is over, Haydn Fleury is back on ice.
16:35 of 1st period - Slapshot by Ilya Mikheyev.
16:35 of 1st period - Stopped by Calvin Pickard without a rebound.
16:36 of 1st period - Barrett Hayton wins face-off versus Brendan Gallagher in Detroit Red Wings zone.
16:40 of 1st period - Keegan Kolesar and Tobias Bjornfot fight to a draw.
16:40 of 1st period - Penalty to Keegan Kolesar for Fighting.
16:40 of 1st period - Penalty to Tobias Bjornfot for Fighting.
16:41 of 1st period - Pierre-Luc Dubois wins face-off versus Mika Zibanejad in neutral zone.
17:08 of 1st period - Snap shot by Rickard Rakell.
17:08 of 1st period - Goal by Rickard Rakell - San Jose Sharks : 1 - Detroit Red Wings : 0.
17:09 of 1st period - Mika Zibanejad wins face-off versus Pierre-Luc Dubois in neutral zone.
17:37 of 1st period - Off-side.
17:38 of 1st period - Adam Henrique wins face-off versus Steven Stamkos in neutral zone.
17:53 of 1st period - Slapshot by Anthony Mantha.
17:53 of 1st period - Goal by Anthony Mantha - San Jose Sharks : 2 - Detroit Red Wings : 0.
17:54 of 1st period - Mika Zibanejad wins face-off versus Pierre-Luc Dubois in neutral zone.
18:25 of 1st period - Pierre-Luc Dubois is hit by Philippe Myers and loses puck.
19:43 of 1st period - Snap shot by Barrett Hayton.
19:43 of 1st period - Shot Misses the Net.
19:51 of 1st period - Minor Penalty to Raphael Lavoie for High sticking.
19:52 of 1st period - Adam Henrique wins face-off versus Mika Zibanejad in Detroit Red Wings zone.
Goals for this period are 2 for San Jose Sharks vs 0 for Detroit Red Wings.
Shots for this period are 6 for San Jose Sharks vs 5 for Detroit Red Wings.
2nd period
0:01 of 2nd period - Kevin Stenlund wins face-off versus Luke Kunin in neutral zone.
0:07 of 2nd period - Off-side.
0:08 of 2nd period - Luke Kunin wins face-off versus Kevin Stenlund in neutral zone.
0:13 of 2nd period - Snap shot by Ivan Barbashev.
0:13 of 2nd period - Goal by Ivan Barbashev - San Jose Sharks : 3 - Detroit Red Wings : 0.
0:14 of 2nd period - Mika Zibanejad wins face-off versus Adam Henrique in neutral zone.
0:17 of 2nd period - Adam Henrique is hit by Carter Verhaeghe and loses puck.
0:28 of 2nd period - Snap shot by Anthony Mantha.
0:28 of 2nd period - Stopped by Calvin Pickard with a rebound.
0:30 of 2nd period - Snap shot by Adam Henrique.
0:30 of 2nd period - Shot Blocked by MacKenzie Weegar.
0:36 of 2nd period - Minor Penalty to Matthew Boldy for Tripping.
0:37 of 2nd period - Mika Zibanejad wins face-off versus Luke Kunin in Detroit Red Wings zone.
0:46 of 2nd period - Snap shot by Jared McCann.
0:46 of 2nd period - Stopped by Logan Thompson with a rebound.
0:48 of 2nd period - Slapshot by Mika Zibanejad.
0:48 of 2nd period - Shot Blocked by Luke Kunin.
0:50 of 2nd period - Slapshot by MacKenzie Weegar.
0:50 of 2nd period - Stopped by Logan Thompson without a rebound.
0:51 of 2nd period - Kevin Stenlund wins face-off versus Adam Henrique in San Jose Sharks zone.
1:32 of 2nd period - MacKenzie Weegar is hit by Ivan Barbashev and loses puck.
1:40 of 2nd period - Penalty to Keegan Kolesar is over, Keegan Kolesar is back on ice.
1:51 of 2nd period - Slapshot by Zachary Werenski.
1:51 of 2nd period - Stopped by Logan Thompson without a rebound.
1:52 of 2nd period - Kevin Stenlund wins face-off versus Luke Kunin in San Jose Sharks zone.
2:36 of 2nd period - Penalty to Matthew Boldy is over, Matthew Boldy is back on ice.
2:42 of 2nd period - Daniel Sprong is hit by Ilya Mikheyev.
2:46 of 2nd period - Ilya Mikheyev is hit by Philippe Myers and loses puck.
3:05 of 2nd period - Wrist shot by Mika Zibanejad.
3:05 of 2nd period - Stopped by Logan Thompson with a rebound.
3:07 of 2nd period - Wrist shot by MacKenzie Weegar.
3:07 of 2nd period - Stopped by Logan Thompson without a rebound.
3:08 of 2nd period - Pierre-Luc Dubois wins face-off versus Mika Zibanejad in San Jose Sharks zone.
3:12 of 2nd period - Off-side.
3:13 of 2nd period - Pierre-Luc Dubois wins face-off versus Steven Stamkos in neutral zone.
3:19 of 2nd period - Minor Penalty to Zach Bogosian for Tripping.
3:20 of 2nd period - Kevin Stenlund wins face-off versus Luke Kunin in Detroit Red Wings zone.
3:51 of 2nd period - Slapshot by Rickard Rakell.
3:51 of 2nd period - Shot Misses the Net.
3:53 of 2nd period - Snap shot by Christopher Tanev.
3:53 of 2nd period - Shot Blocked by Kevin Stenlund.
3:55 of 2nd period - Backhand shot by Anthony Mantha.
3:55 of 2nd period - Deflect By Rickard Rakell.
3:55 of 2nd period - Shot Misses the Net.
3:55 of 2nd period - Puck is out of play.
3:56 of 2nd period - Kevin Stenlund wins face-off versus Adam Henrique in Detroit Red Wings zone.
4:17 of 2nd period - Slapshot by Adam Henrique.
4:17 of 2nd period - Goal by Adam Henrique - San Jose Sharks : 4 - Detroit Red Wings : 0.
4:18 of 2nd period - Adam Henrique wins face-off versus Steven Stamkos in neutral zone.
4:23 of 2nd period - Snap shot by Adam Henrique.
4:23 of 2nd period - Shot Misses the Net.
4:25 of 2nd period - Slapshot by Tobias Bjornfot.
4:25 of 2nd period - Shot Blocked by MacKenzie Weegar.
4:27 of 2nd period - Slapshot by Rickard Rakell.
4:27 of 2nd period - Stopped by Calvin Pickard without a rebound.
4:28 of 2nd period - Adam Henrique wins face-off versus Steven Stamkos in Detroit Red Wings zone.
4:31 of 2nd period - Wrist shot by Anthony Mantha.
4:31 of 2nd period - Shot Misses the Net.
4:33 of 2nd period - Slapshot by Tobias Bjornfot.
4:33 of 2nd period - Stopped by Calvin Pickard with a rebound.
4:35 of 2nd period - Backhand shot by Rickard Rakell.
4:35 of 2nd period - Shot Misses the Net.
4:37 of 2nd period - Wrist shot by Anthony Mantha.
4:37 of 2nd period - Stopped by Calvin Pickard without a rebound.
4:38 of 2nd period - Pierre-Luc Dubois wins face-off versus Steven Stamkos in Detroit Red Wings zone.
4:39 of 2nd period - Wrist shot by Ivan Barbashev.
4:39 of 2nd period - Goal by Ivan Barbashev - San Jose Sharks : 5 - Detroit Red Wings : 0.
4:40 of 2nd period - Jared McCann wins face-off versus Pierre-Luc Dubois in neutral zone.
4:47 of 2nd period - Snap shot by Patrick Kane.
4:47 of 2nd period - Stopped by Logan Thompson without a rebound.
4:48 of 2nd period - Steven Stamkos wins face-off versus Pierre-Luc Dubois in San Jose Sharks zone.
5:09 of 2nd period - Wrist shot by Patrick Kane.
5:09 of 2nd period - Stopped by Logan Thompson with a rebound.
5:11 of 2nd period - Slapshot by MacKenzie Weegar.
5:11 of 2nd period - Stopped by Logan Thompson with a rebound.
5:55 of 2nd period - Slapshot by Zachary Werenski.
5:55 of 2nd period - Deflect By Pierre-Luc Dubois.
5:55 of 2nd period - Stopped by Logan Thompson without a rebound.
5:56 of 2nd period - Mika Zibanejad wins face-off versus Adam Henrique in San Jose Sharks zone.
6:26 of 2nd period - Raphael Lavoie is hit by Christian Dvorak and loses puck.
7:30 of 2nd period - Icing by Jonathan Drouin.
7:31 of 2nd period - Christian Dvorak wins face-off versus Mika Zibanejad in San Jose Sharks zone.
7:36 of 2nd period - Snap shot by Christian Dvorak.
7:36 of 2nd period - Stopped by Calvin Pickard with a rebound.
7:58 of 2nd period - MacKenzie Weegar is hit by Adam Henrique and loses puck.
8:05 of 2nd period - Slapshot by Anthony Mantha.
8:05 of 2nd period - Stopped by Calvin Pickard with a rebound.
8:07 of 2nd period - Slapshot by Christopher Tanev.
8:07 of 2nd period - Stopped by Calvin Pickard with a rebound.
8:09 of 2nd period - Slapshot by Christopher Tanev.
8:09 of 2nd period - Stopped by Calvin Pickard without a rebound.
8:10 of 2nd period - Pierre-Luc Dubois wins face-off versus Mika Zibanejad in Detroit Red Wings zone.
8:11 of 2nd period - Snap shot by Ivan Barbashev.
8:11 of 2nd period - Shot Misses the Net.
8:45 of 2nd period - Slapshot by Adam Henrique.
8:45 of 2nd period - Stopped by Calvin Pickard without a rebound.
8:46 of 2nd period - Mika Zibanejad wins face-off versus Adam Henrique in Detroit Red Wings zone.
9:01 of 2nd period - Snap shot by Matthew Boldy.
9:01 of 2nd period - Shot Misses the Net.
9:54 of 2nd period - Snap shot by Keegan Kolesar.
9:54 of 2nd period - Shot Misses the Net.
10:12 of 2nd period - Slapshot by Christopher Tanev.
10:12 of 2nd period - Stopped by Calvin Pickard with a rebound.
10:14 of 2nd period - Snap shot by Adam Henrique.
10:14 of 2nd period - Shot Blocked by Matthew Boldy.
10:16 of 2nd period - Slapshot by Christopher Tanev.
10:16 of 2nd period - Stopped by Calvin Pickard with a rebound.
10:18 of 2nd period - Wrist shot by Dmitry Orlov.
10:18 of 2nd period - Shot Blocked by Philippe Myers.
10:18 of 2nd period - Philippe Myers from Detroit Red Wings is injured at 10:18 of 2nd period (Lower Body).
10:19 of 2nd period - Adam Henrique wins face-off versus Mika Zibanejad in Detroit Red Wings zone.
10:44 of 2nd period - MacKenzie Weegar is hit by Christian Dvorak and loses puck.
10:49 of 2nd period - Slapshot by Jonathan Drouin.
10:49 of 2nd period - Shot Blocked by MacKenzie Weegar.
10:55 of 2nd period - Wrist shot by Jonathan Drouin.
10:55 of 2nd period - Shot Hit the Post.
10:57 of 2nd period - Snap shot by Luke Kunin.
10:57 of 2nd period - Stopped by Calvin Pickard without a rebound.
10:58 of 2nd period - Pierre-Luc Dubois wins face-off versus Steven Stamkos in Detroit Red Wings zone.
11:03 of 2nd period - Snap shot by Ivan Barbashev.
11:03 of 2nd period - Stopped by Calvin Pickard with a rebound.
11:05 of 2nd period - Slapshot by Connor Murphy.
11:05 of 2nd period - Deflect By Ivan Barbashev.
11:05 of 2nd period - Shot Misses the Net.
11:05 of 2nd period - Puck is out of play.
11:06 of 2nd period - Pierre-Luc Dubois wins face-off versus Steven Stamkos in Detroit Red Wings zone.
11:17 of 2nd period - Slapshot by Joseph Veleno.
11:17 of 2nd period - Shot Hit the Post.
11:19 of 2nd period - Slapshot by Connor Murphy.
11:19 of 2nd period - Shot Blocked by Zach Bogosian.
11:21 of 2nd period - Snap shot by Ivan Barbashev.
11:21 of 2nd period - Shot Misses the Net.
11:27 of 2nd period - Minor Penalty to Steven Stamkos for Roughing.
11:28 of 2nd period - Luke Kunin wins face-off versus Kevin Stenlund in Detroit Red Wings zone.
11:39 of 2nd period - Slapshot by Sean Durzi.
11:39 of 2nd period - Shot Misses the Net.
12:43 of 2nd period - Kevin Stenlund is hit by Tobias Bjornfot and loses puck.
13:27 of 2nd period - Penalty to Steven Stamkos is over, Steven Stamkos is back on ice.
13:33 of 2nd period - Jackson LaCombe is hit by Frederick Gaudreau and loses puck.
13:38 of 2nd period - Snap shot by Ilya Mikheyev.
13:38 of 2nd period - Shot Misses the Net.
13:52 of 2nd period - Wrist shot by Steven Stamkos.
13:52 of 2nd period - Stopped by Logan Thompson with a rebound.
13:54 of 2nd period - Slapshot by Raphael Lavoie.
13:54 of 2nd period - Stopped by Logan Thompson with a rebound.
13:56 of 2nd period - Slapshot by MacKenzie Weegar.
13:56 of 2nd period - Goal by MacKenzie Weegar - San Jose Sharks : 5 - Detroit Red Wings : 1.
13:57 of 2nd period - Steven Stamkos wins face-off versus Adam Henrique in neutral zone.
14:35 of 2nd period - Wrist shot by Pierre-Luc Dubois.
14:35 of 2nd period - Stopped by Calvin Pickard without a rebound.
14:36 of 2nd period - Christian Dvorak wins face-off versus Steven Stamkos in Detroit Red Wings zone.
14:45 of 2nd period - Wrist shot by Christian Dvorak.
14:45 of 2nd period - Deflect By Patrick Kane.
14:45 of 2nd period - Shot Misses the Net.
14:45 of 2nd period - Puck is out of play.
14:46 of 2nd period - Christian Dvorak wins face-off versus Steven Stamkos in Detroit Red Wings zone.
14:57 of 2nd period - Snap shot by Christian Dvorak.
14:57 of 2nd period - Shot Misses the Net.
15:05 of 2nd period - Wrist shot by Jonathan Drouin.
15:05 of 2nd period - Shot Misses the Net.
15:11 of 2nd period - Slapshot by Patrick Kane.
15:11 of 2nd period - Shot Misses the Net.
15:13 of 2nd period - Slapshot by Jackson LaCombe.
15:13 of 2nd period - Deflect By Steven Stamkos.
15:13 of 2nd period - Shot Blocked by Christopher Tanev.
15:13 of 2nd period - Puck is out of play.
15:14 of 2nd period - Adam Henrique wins face-off versus Mika Zibanejad in San Jose Sharks zone.
15:27 of 2nd period - Wrist shot by Matthew Boldy.
15:27 of 2nd period - Shot Misses the Net.
15:29 of 2nd period - Snap shot by Carter Verhaeghe.
15:29 of 2nd period - Shot Misses the Net.
15:31 of 2nd period - Wrist shot by Carter Verhaeghe.
15:31 of 2nd period - Shot Misses the Net.
15:46 of 2nd period - Snap shot by Christian Fischer.
15:46 of 2nd period - Shot Blocked by Connor Murphy.
15:48 of 2nd period - Slapshot by Zach Bogosian.
15:48 of 2nd period - Deflect By Joseph Veleno.
15:48 of 2nd period - Stopped by Logan Thompson with a rebound.
15:50 of 2nd period - Wrist shot by Daniel Sprong.
15:50 of 2nd period - Shot Misses the Net.
16:00 of 2nd period - Snap shot by Kevin Stenlund.
16:00 of 2nd period - Shot Blocked by Connor Murphy.
16:02 of 2nd period - Wrist shot by Keegan Kolesar.
16:02 of 2nd period - Goal by Keegan Kolesar - San Jose Sharks : 5 - Detroit Red Wings : 2.
16:03 of 2nd period - Steven Stamkos wins face-off versus Adam Henrique in neutral zone.
16:25 of 2nd period - Icing by Steven Stamkos.
16:26 of 2nd period - Mika Zibanejad wins face-off versus Ivan Barbashev in Detroit Red Wings zone.
16:45 of 2nd period - MacKenzie Weegar is hit by Ivan Barbashev.
17:01 of 2nd period - Slapshot by Steven Stamkos.
17:01 of 2nd period - Stopped by Logan Thompson without a rebound.
17:02 of 2nd period - Adam Henrique wins face-off versus Patrick Kane in San Jose Sharks zone.
17:15 of 2nd period - Snap shot by Steven Stamkos.
17:15 of 2nd period - Shot Misses the Net.
17:17 of 2nd period - Snap shot by Steven Stamkos.
17:17 of 2nd period - Shot Misses the Net.
17:19 of 2nd period - Wrist shot by Jared McCann.
17:19 of 2nd period - Shot Misses the Net.
17:21 of 2nd period - Slapshot by Zach Bogosian.
17:21 of 2nd period - Stopped by Logan Thompson without a rebound.
17:22 of 2nd period - Mika Zibanejad wins face-off versus Pierre-Luc Dubois in San Jose Sharks zone.
17:51 of 2nd period - MacKenzie Weegar is hit by Jonathan Drouin and loses puck.
18:24 of 2nd period - Snap shot by Daniel Sprong.
18:24 of 2nd period - Shot Blocked by Connor Murphy.
18:34 of 2nd period - Sean Durzi is hit by Jackson LaCombe.
18:42 of 2nd period - Snap shot by Rickard Rakell.
18:42 of 2nd period - Stopped by Calvin Pickard with a rebound.
19:16 of 2nd period - Jared McCann is hit by Jonathan Drouin.
19:28 of 2nd period - Snap shot by Christian Dvorak.
19:28 of 2nd period - Stopped by Calvin Pickard with a rebound.
19:45 of 2nd period - Icing by Frederick Gaudreau.
19:46 of 2nd period - Mika Zibanejad wins face-off versus Barrett Hayton in San Jose Sharks zone.
Goals for this period are 3 for San Jose Sharks vs 2 for Detroit Red Wings.
Shots for this period are 19 for San Jose Sharks vs 16 for Detroit Red Wings.
3rd period
0:01 of 3rd period - Mika Zibanejad wins face-off versus Pierre-Luc Dubois in neutral zone.
0:10 of 3rd period - Wrist shot by Mika Zibanejad.
0:10 of 3rd period - Shot Misses the Net.
0:52 of 3rd period - Snap shot by Daniel Sprong.
0:52 of 3rd period - Stopped by Logan Thompson without a rebound.
0:53 of 3rd period - Mika Zibanejad wins face-off versus Pierre-Luc Dubois in San Jose Sharks zone.
1:04 of 3rd period - Slapshot by Matthew Boldy.
1:04 of 3rd period - Shot Misses the Net.
1:31 of 3rd period - Snap shot by Steven Stamkos.
1:31 of 3rd period - Goal by Steven Stamkos - San Jose Sharks : 5 - Detroit Red Wings : 3.
1:32 of 3rd period - Christian Dvorak wins face-off versus Mika Zibanejad in neutral zone.
1:45 of 3rd period - Wrist shot by Mika Zibanejad.
1:45 of 3rd period - Shot Misses the Net.
1:47 of 3rd period - Wrist shot by Matthew Boldy.
1:47 of 3rd period - Shot Blocked by Dmitry Orlov.
1:49 of 3rd period - Snap shot by Carter Verhaeghe.
1:49 of 3rd period - Goal by Carter Verhaeghe - San Jose Sharks : 5 - Detroit Red Wings : 4.
1:50 of 3rd period - Adam Henrique wins face-off versus Steven Stamkos in neutral zone.
2:01 of 3rd period - Zachary Werenski is hit by Anthony Mantha and loses puck.
2:20 of 3rd period - Snap shot by Mika Zibanejad.
2:20 of 3rd period - Shot Misses the Net.
2:22 of 3rd period - Snap shot by Mika Zibanejad.
2:22 of 3rd period - Stopped by Logan Thompson without a rebound.
2:23 of 3rd period - Mika Zibanejad wins face-off versus Christian Dvorak in San Jose Sharks zone.
2:38 of 3rd period - Wrist shot by Jonathan Drouin.
2:38 of 3rd period - Stopped by Calvin Pickard with a rebound.
3:26 of 3rd period - Minor Penalty to Haydn Fleury for Hooking.
3:27 of 3rd period - Rickard Rakell wins face-off versus Steven Stamkos in San Jose Sharks zone.
4:01 of 3rd period - Snap shot by Matthew Boldy.
4:01 of 3rd period - Shot Misses the Net.
5:26 of 3rd period - Penalty to Haydn Fleury is over, Haydn Fleury is back on ice.
5:57 of 3rd period - Slapshot by Sean Durzi.
5:57 of 3rd period - Shot Misses the Net.
5:59 of 3rd period - Snap shot by Sean Durzi.
5:59 of 3rd period - Stopped by Calvin Pickard without a rebound.
6:00 of 3rd period - Christian Fischer wins face-off versus Barrett Hayton in Detroit Red Wings zone.
6:07 of 3rd period - Frederick Gaudreau is hit by Raphael Lavoie.
6:45 of 3rd period - Minor Penalty to Anthony Mantha for Tripping.
6:46 of 3rd period - Mika Zibanejad wins face-off versus Adam Henrique in San Jose Sharks zone.
7:43 of 3rd period - Wrist shot by Patrick Kane.
7:43 of 3rd period - Stopped by Logan Thompson with a rebound.
8:14 of 3rd period - Off-side.
8:15 of 3rd period - Pierre-Luc Dubois wins face-off versus Steven Stamkos in neutral zone.
8:18 of 3rd period - Patrick Kane is hit by Pierre-Luc Dubois and loses puck.
8:45 of 3rd period - Penalty to Anthony Mantha is over, Anthony Mantha is back on ice.
9:44 of 3rd period - Dmitry Orlov is hit by MacKenzie Weegar and loses puck.
10:34 of 3rd period - Slapshot by Barrett Hayton.
10:34 of 3rd period - Stopped by Calvin Pickard with a rebound.
11:27 of 3rd period - Slapshot by Sean Durzi.
11:27 of 3rd period - Stopped by Calvin Pickard with a rebound.
11:33 of 3rd period - Christopher Tanev is hit by Zachary Werenski and loses puck.
11:56 of 3rd period - Sean Durzi is hit by Brendan Gallagher and loses puck.
12:12 of 3rd period - Tobias Bjornfot is hit by Mika Zibanejad and loses puck.
12:21 of 3rd period - Matthew Boldy is hit by Rickard Rakell and loses puck.
12:56 of 3rd period - Wrist shot by Kevin Stenlund.
12:56 of 3rd period - Stopped by Logan Thompson with a rebound.
13:23 of 3rd period - Frederick Gaudreau is hit by Carter Verhaeghe and loses puck.
14:55 of 3rd period - Minor Penalty to Dmitry Orlov for Delaying the game.
14:56 of 3rd period - Steven Stamkos wins face-off versus Adam Henrique in San Jose Sharks zone.
15:23 of 3rd period - Mika Zibanejad is hit by Adam Henrique and loses puck.
16:55 of 3rd period - Penalty to Dmitry Orlov is over, Dmitry Orlov is back on ice.
17:08 of 3rd period - Wrist shot by Rickard Rakell.
17:08 of 3rd period - Stopped by Calvin Pickard with a rebound.
17:14 of 3rd period - Slapshot by MacKenzie Weegar.
17:14 of 3rd period - Deflect By Rickard Rakell.
17:14 of 3rd period - Stopped by Logan Thompson with a rebound.
17:16 of 3rd period - Slapshot by Keegan Kolesar.
17:16 of 3rd period - Stopped by Logan Thompson with a rebound.
17:49 of 3rd period - Off-side.
17:50 of 3rd period - Christian Fischer wins face-off versus Pierre-Luc Dubois in neutral zone.
18:14 of 3rd period - Jared McCann is hit by Ivan Barbashev and loses puck.
18:33 of 3rd period - Zachary Werenski is hit by Dmitry Orlov.
18:54 of 3rd period - Zachary Werenski is hit by Sean Durzi and loses puck.
19:01 of 3rd period - Wrist shot by Rickard Rakell.
19:01 of 3rd period - Deflect By Adam Henrique.
19:01 of 3rd period - Stopped by Calvin Pickard with a rebound.
19:03 of 3rd period - Snap shot by Christopher Tanev.
19:03 of 3rd period - Shot Misses the Net.
19:05 of 3rd period - Wrist shot by Christopher Tanev.
19:05 of 3rd period - Shot Hit the Post.
19:07 of 3rd period - Slapshot by Anthony Mantha.
19:07 of 3rd period - Stopped by Calvin Pickard with a rebound.
19:09 of 3rd period - Wrist shot by Dmitry Orlov.
19:09 of 3rd period - Shot Misses the Net.
19:11 of 3rd period - Backhand shot by Rickard Rakell.
19:11 of 3rd period - Stopped by Calvin Pickard with a rebound.
19:13 of 3rd period - Snap shot by Rickard Rakell.
19:13 of 3rd period - Goal by Rickard Rakell - San Jose Sharks : 6 - Detroit Red Wings : 4.
19:14 of 3rd period - Raphael Lavoie wins face-off versus Christian Dvorak in neutral zone.
19:29 of 3rd period - Snap shot by Daniel Sprong.
19:29 of 3rd period - Stopped by Logan Thompson without a rebound.
19:30 of 3rd period - Kevin Stenlund wins face-off versus Barrett Hayton in San Jose Sharks zone.
19:35 of 3rd period - Wrist shot by Brendan Gallagher.
19:35 of 3rd period - Deflect By Kevin Stenlund.
19:35 of 3rd period - Stopped by Logan Thompson with a rebound.
19:42 of 3rd period - Christopher Tanev is hit by Brendan Gallagher and loses puck.
19:51 of 3rd period - Minor Penalty to Brendan Gallagher for Delaying the game.
19:52 of 3rd period - Mika Zibanejad wins face-off versus Luke Kunin in Detroit Red Wings zone.
Goals for this period are 1 for San Jose Sharks vs 2 for Detroit Red Wings.
Shots for this period are 9 for San Jose Sharks vs 10 for Detroit Red Wings.
Back to the Top